 Dungeon Crawl Stone Soup version 0.30-a0-141-g30f27751c5 (webtiles) character file.

Game seed: 8562322324304077796

163 bande the Trooper (level 5, -3/33 HPs)
             Began as a Gargoyle Fighter on Sept 26, 2022.
             Slain by a worm (7 damage)
             ... on level 4 of the Dungeon.
             The game lasted 00:04:36 (2597 turns).

bande the Trooper (Gargoyle Fighter)                Turns: 2597, Time: 00:04:37

Health: -3/33      AC: 15    Str: 19    XL:     5   Next: 44%
Magic:  5/5        EV: 11    Int:  9    God:
Gold:   257        SH:  4    Dex: 11    Spells: 4/4 levels left

rFire   . . .      SeeInvis +    a - +0 war axe
rCold   . . .      Faith    .    c - +0 buckler
rNeg    + . .      Spirit   .    l - +0 chain mail
rPois   ∞          Reflect  .    (no helmet)
rElec   +          Harm     .    (no cloak)
rCorr   .          Rampage  .    (no gloves)
Will    .....                    q - +1 pair of boots
Stlth   ..........               (no amulet)
HPRegen 0.11/turn                k - ring of see invisible
MPRegen 0.09/turn                f - +4 ring of evasion

@: no status effects
A: sickness immunity, AC +4, negative energy resistance 1, electricity
resistance, torment resistance 1, petrification resistance
a: no special abilities


You were on level 4 of the Dungeon.
You visited 1 branch of the dungeon, and saw 4 of its levels.

You collected 257 gold pieces.

Inventory:

Hand Weapons
 a - a +0 war axe (weapon)
 g - a +0 flail
 i - a +0 war axe
Armour
 c - a +0 buckler (worn)
 l - a +0 chain mail (worn)
 q - a +1 pair of boots (worn)
Jewellery
 f - a +4 ring of evasion (right hand)
 k - a ring of see invisible (left hand)
 n - an amulet of the acrobat
Wands
 v - a wand of roots (5)
Scrolls
 b - a scroll of teleportation
 e - a scroll of identify
 p - 2 scrolls of magic mapping
 u - a scroll of enchant armour
Potions
 d - a potion of might
 h - 2 potions of berserk rage
 j - 5 potions of curing
 m - 3 potions of flight
 o - a potion of resistance
 r - a potion of degeneration {unknown}
 t - a potion of heal wounds {unknown}


   Skills:
 + Level 4.0 Fighting
 + Level 3.6 Axes
 + Level 3.9 Armour
 + Level 3.9 Shields
 * Level 0.7 Evocations


You had 4 spell levels left.
You didn't know any spells.
Your spell library contained the following spells:

 Spells                   Type           Power      Damage    Failure   Level
 Gell's Gravitas          Tloc           0%         N/A       100%        3
 Teleport Other           Tloc           0%         N/A       100%        3
 Freezing Cloud           Conj/Ice/Air   0%         6-21      100%        5
 Dispersal                Tloc           0%         N/A       100%        6
 Simulacrum               Ice/Necr       0%         N/A       100%        6
 Polar Vortex             Ice            0%         N/A       100%        9


Dungeon Overview and Level Annotations

Branches:
Dungeon (4/15)
 Temple: D:4-7

Altars:


Innate Abilities, Weirdness & Mutations

You are immune to sickness and miasma.
Your stone body is resilient. (AC +4)
You are immune to poison.
You resist negative energy. (rN+)
You are resistant to electric shocks. (rElec)
You are resistant to unholy torment.
You are immune to petrification.


Message History

Found a stone staircase leading down.
Found 6 curare-tipped darts.
An iguana comes into view.
The iguana hisses angrily.
The iguana moves out of view.
A worm comes into view.
You hit the iguana but do no damage. The iguana bites you.
You barely miss the iguana. You block the iguana's attack.
The iguana bites you.
You barely miss the iguana. You hit the worm. The worm barely misses you.
The iguana misses you.
You barely miss the iguana. You hit the worm but do no damage.
The iguana bites you! The worm bites you but does no damage.
The iguana bites you but does no damage.
You hit the iguana.
The iguana is lightly wounded.
You hit the worm.
You hear the slow hiss of a very distant avalanche of sand.
The iguana barely misses you. The worm bites you but does no damage.
You slash the iguana!
The iguana is severely wounded.
You hit the worm. The iguana bites you!
* * * LOW HITPOINT WARNING * * *
The worm misses you.
You closely miss the iguana.
The iguana is severely wounded.
You barely miss the worm. The iguana bites you.
* * * LOW HITPOINT WARNING * * *
The iguana barely misses you.
You closely miss the iguana.
The iguana is severely wounded.
You hit the worm but do no damage. You block the worm's attack.
The iguana bites you but does no damage.
Unknown command.
You closely miss the iguana.
The iguana is severely wounded.
You barely miss the worm.
The iguana bites you but does no damage.
The worm bites you!
You die...

####****,,#####..,,,,,,,,,,,,,,,
#...##**###)..#..******,,,,,,,,,
#.>...###..)<.#.#* *,,,,,,,,*
#..........)).#.# ***,*,,,,,,,
**#....8....###.# ***,,,,,,,,,**
###.....###...# *,,..,**,,,,,,
###...####...###...#***,,,,,,
#............w......,,,,,,,,,
#.......##.#@##...##***,,,,,,
#.......#...l....## ***,,,,,,
#.......###.....## **,,,,,,,,
#.......# #....## **,,****,**
#######.#*#....#***,,** *,,,
#..*#....#*,,,** **,,
##.##....#*,*** *,,*
*,*##.###,,* *,** *,*
*,**,,*********,,,


You could see a worm and an iguana.

Vanquished Creatures
  A hound (D:4)
  An iguana (D:3)
  2 adders (D:2)
  3 dart slugs
  16 orcs
  2 bats (D:1)
  5 endoplasms
  9 goblins
  6 hobgoblins
  2 kobolds (D:2)
  5 quokkas
  7 ball pythons
  2 frilled lizards
  3 rats
64 creatures vanquished.

Vanquished Creatures (others)
  A fungus (D:1)
1 creature vanquished.

Grand Total: 65 creatures vanquished

Notes
Turn   | Place    | Note
-------+----------+-------------------------------------------
     0 | D:1      | bande the Gargoyle Fighter began the quest for the Orb.
     0 | D:1      | Reached XP level 1. HP: 14/14 MP: 1/1
    43 | D:1      | Reached XP level 2. HP: 19/19 MP: 2/2
   500 | D:1      | Reached XP level 3. HP: 16/24 MP: 3/3
   990 | D:2      | You fall into a shaft and drop 1 floor!
  1011 | D:3      | Reached XP level 4. HP: 29/29 MP: 4/4
  2266 | D:3      | Reached XP level 5. HP: 30/33 MP: 5/5
  2568 | D:4      | Reached skill level 4 in Fighting
  2597 | D:4      | Slain by a worm

Illustrated notes

Levels and vault maps discovered:
D:1:      spicycebolla_green_bress_n_ham, layout_basic,
          minmay_shallow_snake_nest
D:2:      layout_rooms, serial_rivers, chequers_serial_rivers_micro_b,
          chequers_serial_rivers_micro_a, chequers_serial_rivers_micro_d,
          chequers_serial_rivers_micro_c, reono_crystal_passage, minivault_5,
          minmay_circle_x
D:3:      layout_basic
D:4:      layout_rooms, mainiacjoe_overflow_paths, general_overflow_altar,
          enter_ossuary_4, grunt_ministairs_12

Skill      XL: |  1  2  3  4  5 |
---------------+----------------+-----
Axes           | 2 3 |  3.6
Fighting       | 4 |  4.0
Armour         | |  3.9
Shields        | |  3.9
Evocations     | |  0.7

Action                   |  1- 3 |  4- 6 || total
-------------------------+-------+-------++-------
Melee: War axe           |    81 |    75 ||   156
  Use: Scroll            |    10 |     3 ||    13
Armor: Scale mail        |    38 |     3 ||    41
       Chain mail        |       |    48 ||    48
Dodge: Dodged            |    41 |    38 ||    79
Block: Buckler           |    24 |    24 ||    48

Table legend: (Time is in decaauts)
 A = Elapsed time spent in this place.
 B = Non-inter-level travel time spent in this place.
 C = Inter-level travel time spent in this place.
 D = Time resting spent in this place.
 E = Time spent auto-exploring this place.
 F = Levels seen in this place.
 G = Mean time per level.
                   A        B        C        D        E       F      G
               +--------+--------+--------+--------+--------+-----+--------+
         Total |   2661 |   2532 |    129 |    219 |   1803 |   4 |  665.2 |
       Dungeon |   2661 |   2532 |    129 |    219 |   1803 |   4 |  665.2 |
               +--------+--------+--------+--------+--------+-----+--------+

Top non-repeatable levels by time:
     D:3: 1167 daAuts
     D:1: 778 daAuts
     D:2: 660 daAuts
     D:4: 55 daAuts
